 Dungeon Crawl Stone Soup version 0.14.2 (webtiles) character file.

498 dngmouse the Vexing (level 6, 0/43 HPs)
             Began as a Formicid Arcane Marksman on June 5, 2015.
             Was an Initiate of Okawaru.
             Slain by dngmouse's ghost (9 damage)
             ... on Level 4 of the Dungeon.
             The game lasted 00:34:05 (4427 turns).

dngmouse the Vexing (Formicid Arcane Marksman)      Turns: 4427, Time: 00:34:05

HP   0/43        AC  5     Str 15      XL: 6   Next: 46%
MP   9/10        EV 11     Int 13      God: Okawaru [......]
Gold 229         SH  0     Dex 18      Spells:  3 memorised,  0 levels left

rFire  + . .     SeeInvis +     i - +0 short sword (venom)
rCold  . . .     Clarity  .     a - +1 leather armour {rF+}
rNeg   . . .     Conserve .     (no shield)
rPois  .         rCorr    .     (helmet unavailable)
rElec  .         rRot     .     (no cloak)
SustAb . .       Spirit   .     (no gloves)
rMut   .         Warding  .     v - +0 pair of boots
Saprov . . .     Stasis   +     (no amulet)
MR     .....                    (no ring)
                                u - +6 ring of dexterity

@: not resistant to hostile enchantments, unstealthy
A: permanent stasis, dig shafts and tunnels, four strong arms, antennae 3
a: Dig, Shaft Self, Renounce Religion


You were on level 4 of the Dungeon.
You worshipped Okawaru.
Okawaru was noncommittal.
You were very hungry.

You visited 1 branch of the dungeon, and saw 4 of its levels.

You collected 229 gold pieces.

Inventory:

Hand weapons
 b - a +0,+0 sling
 i - a +0,+0 short sword of venom (weapon)
 r - a +0,+0 whip
 t - a +0,+0 sling
 x - a +0 blowgun
 y - a +0,+0 whip
Missiles
 c - 5 sling bullets
 g - 14 stones (quivered)
 z - 14 poisoned needles
Armour
 a - a +1 leather armour of fire resistance (worn)
 v - a +0 pair of boots (worn)
Comestibles
 f - 3 bread rations
 n - 3 apples
 o - a choko
 q - 2 meat rations
Scrolls
 e - 4 scrolls of remove curse
 k - 5 scrolls of identify
 p - 2 scrolls of fear
Jewellery
 u - a +6 ring of dexterity (left hand)
Potions
 l - 3 potions of curing
 m - a potion of heal wounds {unknown}
 A - a potion of confusion {unknown}
Books
 d - a book of Debilitation

   Spells                             Type                      Level
   *Corona                            Hexes                        1
   *Slow                              Hexes                        2
   Inner Flame                        Hexes/Fire                   3
   Enslavement                        Hexes                        4
   *Cause Fear                        Hexes                        4
   Leda's Liquefaction                Hexes/Earth                  4
 B - a book of Necromancy

   Spells                             Type                      Level
   Pain                               Necromancy                   1
   Animate Skeleton                   Necromancy                   1
   Lethal Infusion                    Charms/Necromancy            2
   Vampiric Draining                  Necromancy                   3
   Regeneration                       Charms/Necromancy            3
   Animate Dead                       Necromancy                   4
   Control Undead                     Necromancy                   4


   Skills:
 - Level 1.4 Fighting
 * Level 5.0 Slings
 - Level 1.7 Dodging
 - Level 1.4 Spellcasting
 * Level 6.1 Hexes


You couldn't memorise any spells.
You knew the following spells:

 Your Spells              Type           Power        Failure   Level  Hunger
a - Corona                Hex            ###....      1%          1    ##.....
b - Slow                  Hex            ###.....     3%          2    ###....
c - Cause Fear            Hex            ###.......   21%         4    #####..


Dungeon Overview and Level Annotations

Branches:
Dungeon (4/15)
 Temple: D:4-7

Altars:
Ashenzari
Kikubaaqudgha
Makhleb
Nemelex Xobeh
Okawaru
Zin

Annotations:
D:4 Dowan; Duvessa; Grinder; dngmouse's ghost, average HOAK


Innate Abilities, Weirdness & Mutations

Your are under a permanent stasis effect.
You can dig through walls and to a lower floor.
Your four strong arms can wield two-handed weapons with a shield.
You have a pair of large antennae on your head (SInv).


Message History

Dngmouse's ghost hits you.
You hit dngmouse's ghost but do no damage.
Dngmouse's ghost is moderately damaged.
Dngmouse's ghost hits you!
You hit dngmouse's ghost.
Dngmouse's ghost is moderately damaged.
Dngmouse's ghost hits you.
You hit dngmouse's ghost but do no damage.
Dngmouse's ghost is moderately damaged.
Dngmouse's ghost stops glowing.
Dngmouse's ghost hits you but does no damage.
Dngmouse's ghost hits you!
* * * LOW HITPOINT WARNING * * *
Drink which item? (? for menu, Esc to quit)
You feel better.
Dngmouse's ghost hits you but does no damage.
You hit dngmouse's ghost but do no damage.
Dngmouse's ghost is moderately damaged.
Dngmouse's ghost hits you!
You die...

........♣.♣.♣.PPP.#.#.##.........
##......♣♣P♣♣♣♣♣♣P..#.###'#####.#
.........♣..♣.P.%...#.##..# #.#
##........PP♣♣)P.####.#♣.♣# #..
#..........♣P.P......♣...♣ #..
#.......#..P..######.♣hP.♣ #..
#########....## ##♣P.♣♣ #.#
#########.##########.♣PP.♣ .
...............@p%[..♣P♣P♣
#############.######.#♣♣ #.# #
##.## # #.#♣#♣#♣.♣#♣#
#.##.......# #.#♣.♣.♣p♣.♣.....
#.##.......##.## #.#♣.♣.♣.♣.♣# #
#.##..........


You could see dngmouse's ghost.

Vanquished Creatures
  The ghost of dngmouse the Vexing, an average SpAM (D:3)
  An orc priest (D:4)
  8 adders
  2 worms (D:3)
  3 giant geckos
  9 orcs
  A ball python (D:2)
  8 bats
  4 giant cockroaches
  2 goblins
  13 hobgoblins
  2 jackals (D:4)
  2 giant newts (D:3)
  5 kobolds
  9 rats
  2 plants (D:4)
72 creatures vanquished.

Notes
Turn   | Place    | Note
--------------------------------------------------------------
     0 | D:1      | dngmouse, the Formicid Arcane Marksman, began the quest for the Orb.
     0 | D:1      | Reached XP level 1. HP: 15/15 MP: 2/2
   170 | D:1      | Reached skill level 4 in Hexes
   170 | D:1      | Reached XP level 2. HP: 21/21 MP: 4/4
   612 | D:1      | Reached XP level 3. HP: 26/26 MP: 5/5
  1027 | D:2      | Found a burning altar of Makhleb.
  1032 | D:2      | Noticed a blizzard demon
  1033 | D:2      | Found a glowing silver altar of Zin.
  1034 | D:2      | Noticed an angel
  1176 | D:2      | Found an iron altar of Okawaru.
  1193 | D:2      | Became a worshipper of Warmaster Okawaru
  1513 | D:2      | Found an ancient bone altar of Kikubaaqudgha.
  1673 | D:2      | Reached XP level 4. HP: 23/32 MP: 7/7
  1897 | D:3      | Learned a level 2 spell: Slow
  1946 | D:3      | Noticed dngmouse's ghost (average SpAM)
  1966 | D:3      | Killed dngmouse's ghost
  1966 | D:3      | Reached skill level 5 in Hexes
  1966 | D:3      | Reached XP level 5. HP: 16/37 MP: 0/9
  2166 | D:3      | Found a shattered altar of Ashenzari.
  2676 | D:3      | Reached XP level 6. HP: 43/43 MP: 10/10
  2832 | D:3      | Learned a level 4 spell: Cause Fear
  3085 | D:4      | Noticed Grinder
  3085 | D:4      | Noticed Dowan
  3088 | D:4      | Noticed Duvessa
  3357 | D:4      | Found a sparkling altar of Nemelex Xobeh.
  3357 | D:4      | Noticed dngmouse's ghost (average HOAK)
  4151 | D:4      | Reached skill level 6 in Hexes
  4162 | D:4      | Reached skill level 5 in Slings
  4427 | D:4      | Slain by dngmouse's ghost

Action                   |  1- 3 |  4- 6 || total
-------------------------+-------+-------++-------
Melee: Short sword       |       |   161 ||   161
 Fire: Sling             |    79 |   128 ||   207
 Cast: Corona            |     4 |    13 ||    17
       Slow              |       |     4 ||     4
       Cause Fear        |       |     3 ||     3
  Use: Scroll            |       |     6 ||     6
       Potion            |       |     1 ||     1
